 Dungeon Crawl Stone Soup version 0.29.1-2-gbd0b4ee654 (webtiles) character file.

Game seed: 9361656220275426808

18681 leafyfresh the Nimble (level 12, -5/99 HPs)
             Began as a Djinni Ice Elementalist on Nov 13, 2022.
             Was an Elder of Makhleb.
             Slain by a tarantella (shapeshifter) (16 damage)
             ... on level 13 of the Dungeon.
             The game lasted 01:17:26 (13208 turns).

leafyfresh the Nimble (Djinni Ice Elementalist)    Turns: 13208, Time: 01:17:26

Health: -5/99      AC:  4    Str:  7    XL:     12   Next: 98%
Gold:   886        EV: 19    Int: 37    God:    Makhleb [****..] SH:  0 Dex: 19

rFire   + + .      SeeInvis .   P - +4 dagger "Morg" {pain, Will+ Int+5}
rCold   + + .      Faith    .   (no shield)
rNeg    + . .      Spirit   .   c - +0 troll leather armour
rPois   ∞          Reflect  .   (no helmet)
rElec   .          Harm     +   L - scarf {harm}
rCorr   .          Rampage  .   (no gloves)
Will    ++...                   (boots unavailable)
Stlth   +++.......              d - amulet of regeneration
HPRegen 1.86/turn               I - ring of Yesterday {Drain rC+++ Int+6 Dex+5}
MPRegen 0.00/turn               D - ring of Arrival {rN+ Int+4}

@: flying, studying Polearms
A: sickness immunity, fire resistance 2, cold vulnerability 1, float, innate
caster, HP casting, extra vitality 1, robust 1, wild magic 1
a: Renounce Religion, Minor Destruction, Lesser Servant of Makhleb, Major
Destruction


You were on level 13 of the Dungeon.
You worshipped Makhleb.
Makhleb was greatly pleased with you.
You visited 2 branches of the dungeon, and saw 14 of its levels.

You collected 886 gold pieces.

Inventory:

Hand Weapons
 F - a +4 quarterstaff of chaos
 P - the +4 dagger "Morg" (weapon) {pain, Will+ Int+5}
   (You found it on level 7 of the Dungeon)

   In the hands of one skilled in necromantic magic, it inflicts extra damage on
   living creatures.
   Your inability to study Necromancy prevents you from drawing on the full
   power of this weapon.
   Int:       It affects your intelligence (+5).
   Will:      It increases your willpower.
 U - the +3 sling of Accidental Termination {venom, rF+ rN+ Int+2 Stlth+}
   (You found it on level 9 of the Dungeon)

   Any ammunition fired from it poisons the flesh of those it strikes.
   Int:       It affects your intelligence (+2).
   rF:        It protects you from fire.
   rN:        It protects you from negative energy.
   Stlth:     It makes you more stealthy.
Missiles
 f - 55 poisoned darts
Armour
 a - a +1 robe
 c - a +0 troll leather armour (worn)
 G - a +0 cloak
 H - the +0 ring mail "Ithruu Pief" {Str+3 Dex-2 Slay+3}
   (You found it on level 6 of the Dungeon)

   Str:       It affects your strength (+3).
   Dex:       It affects your dexterity (-2).
   Slay:      It affects your accuracy & damage with ranged weapons and melee
   (+3).
 L - a scarf of harm (worn)
Magical Staves
 W - a staff of fire
Jewellery
 d - an amulet of regeneration (around neck)
 j - a +4 ring of protection
 m - an amulet of the acrobat
 u - a ring of willpower
 v - an amulet of magic regeneration
 D - the ring of Arrival (right hand) {rN+ Int+4}
   (You acquired it on level 5 of the Dungeon)

   [ring of positive energy]

   Int:       It affects your intelligence (+4).
   rN:        It protects you from negative energy.
 E - a +4 ring of protection
 I - the ring of Yesterday (left hand) {Drain rC+++ Int+6 Dex+5}
   (You acquired it on level 7 of the Dungeon)

   [ring of intelligence]

   Int:       It affects your intelligence (+6).
   Dex:       It affects your dexterity (+5).
   rC:        It renders you almost immune to cold.
   Drain:     It drains your maximum health when unequipped.
 R - an amulet of reflection
 V - the ring of Zyrchyovi {rF+ Str+5 Dex+3}
   (You found it on level 11 of the Dungeon)

   [ring of protection from fire]

   Str:       It affects your strength (+5).
   Dex:       It affects your dexterity (+3).
   rF:        It protects you from fire.
 Z - a ring of ice
Wands
 l - a wand of polymorph (6)
 C - a wand of charming (18)
 O - a wand of flame (54)
 T - a wand of quicksilver (6)
 X - a wand of iceblast (5)
Scrolls
 e - a scroll of magic mapping {unknown}
 g - a scroll of amnesia {unknown}
 p - 4 scrolls of poison
 q - 4 scrolls of fear
 s - 6 scrolls of enchant weapon
 t - a scroll of brand weapon {unknown}
 w - 4 scrolls of immolation {unknown}
 y - 2 scrolls of blinking {unknown}
 A - 4 scrolls of butterflies {unknown}
 M - 2 scrolls of vulnerability {unknown}
 Q - 2 scrolls of teleportation {unknown}
 S - a scroll of summoning {unknown}
 Y - 2 scrolls of identify
Potions
 b - a potion of mutation
 h - 4 potions of cancellation
 i - a potion of magic {unknown}
 k - 3 potions of flight {unknown}
 o - 4 potions of brilliance
 x - 2 potions of might {unknown}
 z - 3 potions of resistance {unknown}
 B - 3 potions of attraction {unknown}
 J - 2 potions of heal wounds {unknown}
 K - 3 potions of curing {unknown}
 N - a potion of berserk rage {unknown}
Miscellaneous
 n - a lightning rod (4/4)
 r - a phantom mirror (inert)


   Skills:
 + Level 9.4 Fighting
 + Level 12.6 Dodging
 - Level 5.9 Stealth
 + Level 9.5 Spellcasting
 - Level 5.9 Invocations


You had 5 spell levels left.
You knew the following spells:

 Your Spells              Type           Power      Damage    Failure   Level
a - Freeze                Ice            100%       1d11      1%          1
b - Frozen Ramparts       Ice            100%       1d16      1%          3
c - Ozocubu's Armour      Ice            85%        N/A       1%          3
d - Hailstorm             Conj/Ice       85%        3d17      1%          4
e - Shock                 Conj/Air       100%       1d9       1%          1
f - Static Discharge      Conj/Air       85%        3-14/arc  1%          2
g - Call Canine Familiar  Summ           85%        N/A       1%          3
h - Anguish               Hex/Necr       42%        N/A       1%          4
i - Ice Form              Ice/Tmut       85%        N/A       1%          4
Your spell library was empty.

Dungeon Overview and Level Annotations

Branches:
Dungeon (13/15)            Temple (1/1) D:5            Lair (0/5) D:10
    Orc (0/2) D:10
 Vaults: D:13-14

Altars:
Ashenzari
Cheibriados
Dithmenos
Elyvilon
Fedhas
Gozag
Hepliaklqana
Makhleb
Nemelex Xobeh
Okawaru
Qazlal
Ru
Trog
Uskayaw
Wu Jian
Xom
Yredelemnul
Zin
The Shining One

Shops:
D:4 !   D:7 [   D:11 [   D:12 *


Innate Abilities, Weirdness & Mutations

You are immune to sickness and miasma.
You are immune to poison.
Your flesh is very heat resistant. (rF++)
You are vulnerable to cold. (rC-)
You float through the air rather than walking.
You learn spells naturally, not from books.
Your magical power is your life essence.
You have superior vitality. (+4 MHP)
You are robust. (+10% HP)
Your spells are a little harder to cast, but a little more powerful.


Message History

You are engulfed in blazing flames.
The fire crab changes into a tarantella!
Your fire crab breathes flames at the tarantella.
The blast of flame engulfs the tarantella.
The heat melts your icy armour.
Unknown command.
Your icy armour will break if you move.
Continue?
Your icy armour cracks and falls away as you move.
Your fire crab shimmers and vanishes!
The tarantella is engulfed in blazing flames.
Unknown command.
You hit the tarantella. You freeze the tarantella.
The tarantella is severely wounded.
The tarantella is engulfed in blazing flames.
The tarantella touches you.
* * * LOW HITPOINT WARNING * * *
You are confused.
Unknown command.
The tarantella closely misses you. The tarantella touches you!
* * * LOW HITPOINT WARNING * * *
Unknown command.
You are engulfed in blazing flames.
* * * LOW HITPOINT WARNING * * *
The tarantella touches you but does no damage.
Unknown command.
Unknown command.
You're too confused to cast spells.
Unknown command.
You're too confused to cast spells.
Unknown command.
Your magical effects are unravelling.
You feel magically purged.
You warm up again.
The +4 dagger "Morg" {pain, Will+ Int+5} unmelds from your body.
Your scarf of harm unmelds from your body.
Your +0 troll leather armour unmelds from your body.
You have a feeling of ineptitude.
You feel less confused. The tarantella touches you!
You die...

#.# #..###
#.<.## ###..#
##.## #..#
##.#
########.##
#....>@...#
........s..#
.#.........#
#...........
#.........###
####.######
#. ##


You could see a tarantella shaped shifter.

Vanquished Creatures
  3 boulder beetles (D:11)
  A catoblepas (D:11)
  2 two-headed ogres (D:10)
  Urug (D:10)
  A swamp dragon (D:11)
  Pikel (D:5)
  An ugly thing (D:11)
  4 cyclopes
  A manticore (D:12)
  Maurice (D:10)
  Joseph (D:10)
  A kobold demonologist (D:9)
  3 unseen horrors
  3 trolls
  The ghost of deadpool521 the Poker, an amateur MiGl (D:6)
  3 hornets
  Sigmund (D:2)
  9 yaks
  2 wraiths
  A vampire (D:11)
  3 wyverns (D:11)
  Eustachio (D:4)
  4 steam dragons
  2 vampire mosquitoes (D:12)
  An acid dragon (D:11)
  Duvessa (D:7)
  A meliai simulacrum (D:11)
  4 orc warriors
  A sky beast (D:7)
  2 black bears
  A boggart (D:11)
  6 centaurs
  A lemure (D:5)
  2 phantoms
  5 kobold brigands
  2 bullfrogs
  2 gnoll sergeants
  A scorpion (D:7)
  2 necrophages
  A wight (D:9)
  A hornet simulacrum (D:7)
  Dowan (D:7)
  6 killer bees
  3 howler monkeys
  A spectral centaur (D:7)
  2 hounds (D:6)
  6 orc priests
  2 jellies
  Crazy Yiuf (D:5)
  A centaur skeleton (D:7)
  2 gnoll boudas
  4 iguanas
  An iguana (shapeshifter) (D:11)
  20 orc wizards
  A hound skeleton (D:6)
  A howler monkey zombie (D:7)
  12 adders
  14 gnolls
  3 river rats (D:5)
  2 shadow imps (D:5)
  A white imp (D:6)
  2 worms
  3 dart slugs
  55 orcs
  5 ball pythons
  11 endoplasms
  9 giant cockroaches
  8 hobgoblins
  11 jackals
  23 kobolds
  4 quokkas
  6 bats
  A frilled lizard (D:3)
  10 goblins
  12 rats
329 creatures vanquished.

Vanquished Creatures (others)
  A manticore (D:11)
  A centaur (D:8)
  An electric eel (D:6)
  8 withered plants (D:7)
11 creatures vanquished.

Grand Total: 340 creatures vanquished

Notes
Turn   | Place    | Note
-------+----------+-------------------------------------------
     0 | D:1      | leafyfresh the Djinni Ice Elementalist began the quest for
                  | the Orb.
     0 | D:1      | leafyfresh set off with the following spells memorised:
                  | Freeze, Frozen Ramparts, Ozocubu's Armour, Hailstorm.
     0 | D:1      | Reached XP level 1. HP: 15/15 MP: 0/0
     1 | D:1      | Found a runed translucent door.
    35 | D:1      | Reached XP level 2. HP: 10/21 MP: 0/0
   551 | D:1      | Reached XP level 3. HP: 20/25 MP: 0/0
   551 | D:1      | Learned a level 1 spell: Shock
  1359 | D:1      | Reached skill level 3 in Dodging
  1838 | D:1      | Reached XP level 4. HP: 12/31 MP: 0/0
  2128 | D:2      | Found a faded altar of an unknown god.
  2255 | D:2      | Reached XP level 5. HP: 34/35 MP: 0/0
  2255 | D:2      | Learned a level 2 spell: Static Discharge
  2302 | D:2      | Noticed Sigmund
  2314 | D:2      | Killed Sigmund
  2315 | D:2      | Reached skill level 5 in Dodging
  2315 | D:2      | Reached XP level 6. HP: 21/40 MP: 0/0
  2741 | D:3      | Found a sparkling altar of Nemelex Xobeh.
  2806 | D:3      | Reached XP level 7. HP: 36/45 MP: 0/0
  2806 | D:3      | Learned a level 3 spell: Call Canine Familiar
  3620 | D:3      | Found a sacrificial altar of Ru.
  3826 | D:4      | Found Eptiwown's Distillery.
  3856 | D:4      | Reached skill level 6 in Dodging
  3856 | D:4      | Reached skill level 5 in Spellcasting
  4228 | D:4      | Noticed Eustachio
  4255 | D:4      | Killed Eustachio
  4256 | D:4      | Reached XP level 8. HP: 32/50 MP: 0/0
  4370 | D:5      | Entered Level 5 of the Dungeon
  4462 | D:5      | Noticed Pikel
  4481 | D:5      | Killed Pikel
  4482 | D:5      | Reached skill level 8 in Dodging
  4586 | D:5      | Found a staircase to the Ecumenical Temple.
  4661 | Temple   | Entered the Ecumenical Temple
  4980 | Temple   | Became a worshipper of Elyvilon the Healer
  5296 | D:5      | Reached XP level 9. HP: 52/55 MP: 0/0
  5296 | D:5      | Learned a level 4 spell: Anguish
  5484 | D:5      | Found a runed translucent door.
  5485 | D:5      | Noticed Crazy Yiuf
  5669 | D:5      | Killed Crazy Yiuf
  5724 | D:6      | Found a hide-covered altar of Uskayaw.
  6009 | D:6      | Found a runed translucent door.
  6013 | D:6      | Noticed deadpool521's ghost (amateur MiGl)
  6135 | D:6      | Found a burning altar of Makhleb.
  6273 | D:6      | Reached * piety under Elyvilon
  6280 | D:6      | Identified the +0 ring mail "Ithruu Pief" {Str+3 Dex-2
                  | Slay+3}
  6296 | D:6      | Reached skill level 9 in Dodging
  6504 | D:5      | Identified 2 scrolls of acquirement
  6602 | D:6      | Fell from the grace of Elyvilon
  6602 | D:6      | Became a worshipper of Makhleb the Destroyer
  7010 | D:6      | Killed deadpool521's ghost
  7080 | D:7      | Reached skill level 10 in Dodging
  7163 | D:7      | Found an iron altar of Okawaru.
  7179 | D:7      | Found Viur's Antique Armour Emporium.
  7228 | D:7      | Found the +4 dagger "Morg" {pain, Will+ Int+5}
  7244 | D:7      | Reached skill level 1 in Fighting
  7244 | D:7      | Reached skill level 1 in Invocations
  7244 | D:7      | Reached XP level 10. HP: 58/63 MP: 0/0
  7263 | D:7      | Reached * piety under Makhleb
  7437 | D:7      | Noticed Dowan
  7438 | D:7      | Noticed Duvessa
  7460 | D:7      | Acquired the ring of Arrival {rN+ Int+4}
  7464 | D:7      | Acquired the ring of Yesterday {Drain rC+++ Int+6 Dex+5}
  7509 | D:7      | Killed Dowan
  7705 | D:7      | Gained mutation: You are partially covered in iridescent
                  | scales. (AC +2) [potion of mutation]
  7705 | D:7      | Gained mutation: You are dopey. (Int -2) [potion of
                  | mutation]
  7705 | D:7      | Gained mutation: You expend health (3 HP) to strengthen
                  | your wands. [potion of mutation]
  7706 | D:7      | Lost mutation: You expend health (3 HP) to strengthen your
                  | wands. [potion of mutation]
  7706 | D:7      | Lost mutation: You are dopey. (Int -2) [potion of mutation]
  7706 | D:7      | Lost mutation: You are partially covered in iridescent
                  | scales. (AC +2) [potion of mutation]
  7706 | D:7      | Gained mutation: Your spells are a little harder to cast,
                  | but a little more powerful. [potion of mutation]
  7706 | D:7      | Gained mutation: You are robust. (+10% HP) [potion of
                  | mutation]
  7782 | D:7      | Killed Duvessa
  9013 | D:9      | Noticed a kobold demonologist
  9020 | D:9      | Killed a kobold demonologist
  9020 | D:9      | Reached ** piety under Makhleb
  9117 | D:9      | Found a shimmering altar of Xom.
  9236 | D:9      | Was forgiven by Elyvilon
  9251 | D:9      | Reached skill level 5 in Stealth
  9309 | D:9      | Noticed a cyclops
  9322 | D:9      | Killed a cyclops
  9323 | D:9      | Reached skill level 5 in Fighting
  9323 | D:9      | Reached skill level 5 in Invocations
  9323 | D:9      | Reached XP level 11. HP: 40/82 MP: 0/0
  9323 | D:9      | Learned a level 4 spell: Ice Form
  9465 | D:9      | Identified the +3 sling of Accidental Termination {venom,
                  | rF+ rN+ Int+2 Stlth+}
  9854 | D:10     | Entered Level 10 of the Dungeon
  9933 | D:10     | Found a staircase to the Orcish Mines.
  9933 | D:10     | Noticed Maurice
 10013 | D:10     | Noticed Urug
 10194 | D:10     | Noticed a two-headed ogre
 10201 | D:10     | Killed a two-headed ogre
 10360 | D:10     | Killed Urug
 10709 | D:11     | Noticed a cyclops
 10716 | D:11     | Killed a cyclops
 10824 | D:11     | Noticed a catoblepas
 10835 | D:11     | Killed a catoblepas
 10952 | D:11     | Noticed a swamp dragon
 10964 | D:11     | Killed a swamp dragon
 11110 | D:11     | Noticed a boulder beetle
 11126 | D:11     | Killed a boulder beetle
 11127 | D:11     | Reached skill level 11 in Dodging
 11165 | D:11     | Noticed a centaur warrior
 11166 | D:11     | Noticed a cyclops
 11185 | D:12     | Noticed a manticore
 11271 | D:11     | Noticed a manticore
 11375 | D:11     | Reached XP level 12. HP: 78/93 MP: 0/0
 11509 | D:10     | Noticed Joseph
 11518 | D:10     | Killed Joseph
 11549 | D:10     | Reached *** piety under Makhleb
 11557 | D:10     | Killed Maurice
 11614 | D:10     | Noticed a two-headed ogre
 11618 | D:10     | Killed a two-headed ogre
 11770 | D:10     | Found a staircase to the Lair.
 12387 | D:11     | Identified the ring of Zyrchyovi {rF+ Str+5 Dex+3}
 12438 | D:11     | Noticed a boulder beetle
 12446 | D:11     | Killed a boulder beetle
 12467 | D:11     | Found Onaivve's Antique Armour Boutique.
 12487 | D:11     | Reached skill level 12 in Dodging
 12742 | D:11     | Noticed a boulder beetle
 12753 | D:11     | Killed a boulder beetle
 12929 | D:12     | Found Kenautwe's Fire Supplies.
 13007 | D:12     | Reached **** piety under Makhleb
 13176 | D:12     | Noticed a catoblepas
 13196 | D:13     | Noticed a fire crab
 13203 | D:13     | a fire crab changed into a tarantella
 13208 | D:13     | Slain by a tarantella (shapeshifter)

Illustrated notes

Levels and vault maps discovered:
D:1:      dpeg_arrival_caged_fury, layout_basic
D:2:      layout_loops_cross, dreamdust_ecumenical_altar_angels_and_demons,
          uniq_sigmund
D:3:      layout_basic, old_standard_altar, nemelex_xobeh_ov_fountains_minmay
D:4:      layout_basic, serial_shops, shop, serial_park_tiny_pond,
          uniq_eustachio
D:5:      layout_basic, nicolae_vehumet_altar_sigil, portal_sewer_entry_e,
          uniq_pikel, uniq_crazy_yiuf_cottage
D:6:      layout_cave_pools, nicolae_uskayaw_dance_hall,
          lemuel_coloured_pillars_altar, makhleb_blood_cavern_becter,
          hellmonk_ghost_happy_afterlife, amcnicky_mini_pool_medium
D:7:      layout_rooms, general_overflow_altar, serial_shops,
          nicolae_shop_trees, dilly_guarded_unrand_morg, uniq_duvessa
D:8:      layout_basic, serial_corexii_hall, corexii_hall_statues_i,
          corexii_hall_statues_u
D:9:      minmay_octagon_keep, layout_basic, mainiacjoe_overflow_surrounded_room
D:10:     layout_gridville, lair_entry_dummy, david_orc_2, uniq_maurice,
          uniq_joseph, uniq_urug
D:11:     minmay_the_grid_net [minmay_the_grid_rooms, minmay_the_grid_spin_star,
          minmay_the_grid_dragon_b, minmay_the_grid_box_x,
          minmay_the_grid_square_x,
          minmay_the_grid_prize_four_corners_diamond_b], layout_basic,
          serial_shops, nicolae_shop_stone
D:12:     layout_cave_pods, nicolae_shop_fire_sale [nicolae_sub_dead_trees]
D:13:     layout_roguey
Temple:   minmay_temple_curvy_branch

Skill      XL: |  1  2  3  4  5  6  7  8  9 10 11 12 |
---------------+-------------------------------------+-----
Stealth        | 2 5 |  5.9
Dodging        | 3 5 6 8 10 11 12 | 12.6
Spellcasting   | 4 5 6 7 8 9 |  9.5
Fighting       | 1 5 7 9 |  9.4
Invocations    | 1 5 |  5.9

Action                   |  1- 3 |  4- 6 |  7- 9 | 10-12 || total
-------------------------+-------+-------+-------+-------++-------
Melee: Unarmed           |     7 |       |       |    33 ||    40
       Spear             |     8 |   102 |   175 |     1 ||   286
       Punch             |       |     2 |       |       ||     2
       Dagger            |       |       |       |    31 ||    31
 Cast: Freeze            |    45 |     5 |    44 |    11 ||   105
       Frozen Ramparts   |     2 |     7 |    36 |    67 ||   112
       Ozocubu's Armour  |     1 |     1 |    18 |    58 ||    78
       Shock             |       |     7 |    53 |    68 ||   128
       Hailstorm         |       |       |     8 |    52 ||    60
       Static Discharge  |       |       |     2 |    43 ||    45
       Anguish           |       |       |     2 |    21 ||    23
       Call Canine Famil |       |       |       |     2 ||     2
       Ice Form          |       |       |       |     5 ||     5
Evoke: Phantom mirror    |       |       |       |     1 ||     1
  Use: Scroll            |       |       |     9 |     4 ||    13
       Potion            |       |       |       |     4 ||     4
 Stab: Sleeping          |       |     7 |     3 |     5 ||    15
       Distracted        |       |       |     1 |       ||     1
Armor: Robe              |    12 |    33 |    74 |    12 ||   131
       Skin              |       |       |       |    22 ||    22
       Troll leather arm |       |       |       |    12 ||    12
Dodge: Dodged            |    34 |    61 |   171 |   124 ||   390
